 Dungeon Crawl Stone Soup version 0.29-a0-757-g358383bc75 (webtiles) character file.

Game seed: 16254293136068660912

319 avis the Chiller (level 6, -1/76 HPs)
             Began as a Demigod Ice Elementalist on July 1, 2022.
             Succumbed to Edmund's poison
             ... on level 4 of the Dungeon.
             The game lasted 00:18:11 (4064 turns).

avis the Chiller (Demigod Ice Elementalist)         Turns: 4064, Time: 00:18:12

Health: -1/76      AC: 29    Str:  9    XL:     6   Next: 1%
Magic:  11/13      EV:  2    Int: 17    God:
Gold:   161        SH:  0    Dex: 22    Spells: 7/11 levels left

rFire   x . .      SeeInvis .   b - +6 dagger "Caubox" {vorpal, rF- rC++ rN+}
rCold   + + .      Faith    .   (no shield)
rNeg    + . .      Spirit   .   (body armour currently unavailable)
rPois   +          Reflect  .   (helmet currently unavailable)
rElec   .          Harm     .   (cloak currently unavailable)
rCorr   .          Rampage  .   (gloves currently unavailable)
Will    .....      NoTele   +   (boots currently unavailable)
Stlth   ++........              (no amulet)
HPRegen 0.22/turn               (no ring)
MPRegen 0.13/turn               (no ring)

@: lethally poisoned (-1 -> -36), ice-armoured, tree-form, hasted, very quick
A: stationary, stasis, torment immunity, boosted hp, high MP 1, forlorn, divine
attributes
a: no special abilities


You were on level 4 of the Dungeon.
You were a tree.
You visited 1 branch of the dungeon, and saw 4 of its levels.

You collected 161 gold pieces.

Inventory:

Hand Weapons
 a - a +0 sling
 b - the +6 dagger "Caubox" (weapon) {vorpal, rF- rC++ rN+}
   (You found it on level 4 of the Dungeon)

   It inflicts extra damage upon your enemies.
   rF:        It makes you vulnerable to fire.
   rC:        It greatly protects you from cold.
   rN:        It protects you from negative energy.
 p - a +0 long sword
 q - a +0 short sword
Missiles
 d - 5 poisoned darts
Armour
 e - a +0 robe (melded)
Jewellery
 o - a ring of positive energy
Wands
 n - a wand of quicksilver (10)
Scrolls
 c - 5 scrolls of teleportation {unknown}
 g - 3 scrolls of enchant weapon {unknown}
 h - 2 scrolls of identify {unknown}
 j - a scroll of brand weapon {unknown}
 m - a scroll of fog {unknown}
Potions
 f - a potion of magic
 i - 2 potions of lignification
 l - 2 potions of might


   Skills:
 - Level 3.0 Fighting
 - Level 2.0 Ranged Weapons
 - Level 1.7 Dodging
 - Level 1.7 Stealth
 - Level 3.0 Spellcasting
 * Level 4.8 Ice Magic


You had 7 spell levels left.
You knew the following spells:

 Your Spells              Type           Power      Damage    Failure   Level
a - Freeze                Ice            76%        1d9       2%          1
o - Ozocubu's Armour      Ice            19%        N/A       7%          3

Your spell library contained the following spells:

 Spells                   Type           Power      Damage    Failure   Level
 Frozen Ramparts          Ice            38%        1d5       7%          3
 Apportation              Tloc           4%         N/A       17%         1
 Magic Dart               Conj           8%         1d3       17%         1
 Call Imp                 Summ           2%         N/A       26%         2
 Mephitic Cloud           Conj/Pois/Air  2%         N/A       45%         3
 Hailstorm                Conj/Ice       10%        3d5       54%         4
 Alistair's Intoxication  Tmut/Pois      1%         N/A       99%         5


Dungeon Overview and Level Annotations

Branches:
Dungeon (4/15)
 Temple: D:4-7

Shops:
D:3 =

Annotations:
D:4 Edmund


Innate Abilities, Weirdness & Mutations

You are a tree.
Your roots penetrate the ground, keeping you stationary.
You cannot be teleported.
You are immune to unholy pain and torment.
Your maximum health is greatly increased.
Your equipment is partially melded.
You have an increased reservoir of magic. (+10% MP)
You shall have no god before yourself.
Your divine heritage dramatically boosts your attributes as you level up.


Message History

Fire: a) +0 sling
Press: ? - help, Q - select action, (/) - cycle Shift-Dir - straight line, f/p - Edmund
Aim: Edmund, wielding a +5 flail of venom and wearing a +0 leather armour (lightly wounded)
You shoot a sling bullet.
The sling bullet hits Edmund but does no damage.
Edmund is lightly wounded.
Fire: a) +0 sling
Press: ? - help, Q - select action, (/) - cycle Shift-Dir - straight line, f/p - Edmund
Aim: Edmund, wielding a +5 flail of venom and wearing a +0 leather armour (lightly wounded)
You shoot a sling bullet. The sling bullet hits Edmund.
Edmund is lightly wounded.
An orc comes into view. It is wielding a +0 club.
Fire: a) +0 sling
Press: ? - help, Q - select action, (/) - cycle Shift-Dir - straight line, f/p - Edmund
Aim: Edmund, wielding a +5 flail of venom and wearing a +0 leather armour (lightly wounded)
You shoot a sling bullet. The orc shouts!
The sling bullet hits Edmund.
Edmund is lightly wounded.
Edmund drinks a potion.
Edmund goes berserk!
b - the +6 dagger "Caubox" (weapon)
{vorpal, rF- rC++ rN+} You puncture Edmund!
Edmund is moderately wounded.
Edmund hits you with a +5 flail of venom!!
You are poisoned.
You closely miss Edmund.
Edmund is moderately wounded.
You feel very sick. Edmund hits you but does no damage.
Edmund hits you with a +5 flail of venom!!
* * * LOW HITPOINT WARNING * * *
You are more poisoned.
It was a potion of lignification.
You turn into a tree.
Your +0 robe melds into your body.
Your roots penetrate the ground.
* * * LOW HITPOINT WARNING * * *
You feel extremely sick. Edmund hits you but does no damage.
You are more poisoned.
It was a potion of haste.
You feel yourself speed up.
You die...

#### ###..##
#../..#### #.♣.#..##
#@......#
#...o.#.....#
......#....######
.......#.....#...#
.......##.#.>....##
$........##.......#
..#
.......#.......#.#####
..... ..
#.#.#.).#.....#


You could see Edmund (berserk) and an orc.

Vanquished Creatures
  Menkaure (D:4)
  A jelly (D:3)
  An orc wizard (D:3)
  6 adders
  2 worms
  3 dart slugs
  9 orcs
  9 ball pythons
  2 endoplasms
  6 giant cockroaches
  8 goblins
  5 hobgoblins
  A quokka (D:1)
  7 bats
  A frilled lizard (D:2)
  5 kobolds (D:1)
  2 rats
69 creatures vanquished.

Notes
Turn   | Place    | Note
-------+----------+-------------------------------------------
     0 | D:1      | avis the Demigod Ice Elementalist began the quest for the
                  | Orb.
     0 | D:1      | Reached XP level 1. HP: 14/14 MP: 5/5
   143 | D:1      | Reached skill level 1 in Fighting
   393 | D:1      | Reached XP level 2. HP: 23/23 MP: 7/7
  1061 | D:2      | Reached skill level 4 in Ice Magic
  1061 | D:2      | Reached XP level 3. HP: 22/29 MP: 5/8
  2208 | D:3      | Learned a level 3 spell: Ozocubu's Armour
  2329 | D:3      | Reached XP level 4. HP: 38/38 MP: 4/10
  2517 | D:3      | Found Motocalo's Jewellery Emporium.
  3210 | D:4      | Identified the +6 dagger "Caubox" {vorpal, rF- rC++ rN+}
  3221 | D:3      | Reached skill level 1 in Ranged Weapons
  3221 | D:3      | Reached XP level 5. HP: 39/45 MP: 8/12
  3448 | D:4      | Noticed Menkaure
  3790 | D:4      | Noticed Edmund
  3793 | D:4      | Killed Menkaure
  3994 | D:4      | Reached XP level 6. HP: 51/51 MP: 11/13
  4064 | D:4      | Succumbed to Edmund's poison

Illustrated notes

Levels and vault maps discovered:
D:1:      amcnicky_arrival_blooded_trapdoor, layout_loops_ring,
          chequers_arboretum
D:2:      layout_basic, ebering_ecumenical_altar_abandoned,
          dreamdust_princess_bridge
D:3:      layout_basic, lemuel_tele_altar, trog_book,
          ashenzari_conservatory_becter, serial_shops, shop_fountains
D:4:      layout_cave_pools, minmay_temple_entry_trees, minmay_starry_boxes,
          uniq_edmund, uniq_menkaure

Skill      XL: |  1  2  3  4  5 |
---------------+----------------+-----
Fighting       | 1 2 3 |  3.0
Spellcasting   | 2 3 |  3.0
Ice Magic      | 4 |  4.8
Ranged Weapons | 1 2 |  2.0
Dodging        | |  1.7
Stealth        | |  1.7

Action                   |  1- 3 |  4- 6 || total
-------------------------+-------+-------++-------
Melee: Dagger            |       |    17 ||    17
       Punch             |       |     1 ||     1
 Fire: Sling             |    82 |    49 ||   131
 Cast: Freeze            |    38 |    16 ||    54
       Ozocubu's Armour  |     2 |     5 ||     7
  Use: Potion            |       |     2 ||     2
Armor: Robe              |     8 |     9 ||    17
       Skin              |       |     1 ||     1
Dodge: Dodged            |    26 |    26 ||    52

Table legend: (Time is in decaauts)
 A = Elapsed time spent in this place.
 B = Non-inter-level travel time spent in this place.
 C = Inter-level travel time spent in this place.
 D = Time resting spent in this place.
 E = Time spent auto-exploring this place.
 F = Levels seen in this place.
 G = Mean time per level.
                   A        B        C        D        E       F      G
               +--------+--------+--------+--------+--------+-----+--------+
         Total |   4116 |   3432 |    684 |   1195 |   1632 |   4 | 1029.0 |
       Dungeon |   4116 |   3432 |    684 |   1195 |   1632 |   4 | 1029.0 |
               +--------+--------+--------+--------+--------+-----+--------+

Top non-repeatable levels by time:
     D:3: 1723 daAuts
     D:2: 1118 daAuts
     D:1: 1062 daAuts
     D:4: 212 daAuts
